 Dungeon Crawl Stone Soup version 0.29.1-12-g30fa7ad0bf (webtiles) character file.

Game seed: 12705492636686904699

18132 MajorAdolf the Unseen (level 12, 0/118 HPs)
             Began as a Naga Wanderer on Dec 28, 2022.
             Was an Initiate of Gozag.
             Slain by an eight-headed hydra (12 damage)
             ... on level 3 of the Lair of Beasts.
             The game lasted 00:33:13 (27587 turns).

MajorAdolf the Unseen (Naga Wanderer)              Turns: 27587, Time: 00:33:14

Health: 0/118      AC:  6    Str: 13    XL:     12   Next: 55%
Magic:  15/15      EV:  7    Int: 19    God:    Gozag
Gold:   2219       SH: 21    Dex: 11    Spells: 9/15 levels left

rFire   + + .      SeeInvis +   C - +10 rapier of Ash {spect, rPois rF++ rC- rCorr}
rCold   x . .      Faith    .   N - +1 tower shield
rNeg    + + .      Spirit   .   x - +0 robe "Okist" {rElec rN+ Regen+}
rPois   +          Reflect  +   (no helmet)
rElec   +          Harm     .   (no cloak)
rCorr   +          Rampage  .   P - +0 pair of gloves
Will    +....                   (no barding)
Stlth   ++++++....              d - amulet of reflection
HPRegen 1.09/turn               G - ring of positive energy
MPRegen 0.14/turn               (no ring)

@: about to teleport, very slow
A: AC +4, large, see invisible, deformed body, poison resistance, slowness 2,
spit poison 1, naga tail 1
a: Spit Poison, Renounce Religion, Potion Petition, Call Merchant, Bribe Branch


You were on level 3 of the Lair of Beasts.
You worshipped Gozag.
Gozag was most pleased with you.
You visited 4 branches of the dungeon, and saw 16 of its levels.
You also visited: Ossuary.

You collected 2301 gold pieces.
You paid 82 gold pieces to Gozag.

Inventory:

Hand Weapons
 a - a +2 spear
 C - the +10 rapier of Ash (weapon) {spect, rPois rF++ rC- rCorr}
   (You found it on level 5 of the Dungeon)

   When its wielder attacks, the weapon's spirit leaps out and strikes again.
   The spirit shares a part of any damage it takes with its wielder.
   rF:        It greatly protects you from fire.
   rC:        It makes you vulnerable to cold.
   rPois:     It protects you from poison.
   rCorr:     It protects you from acid and corrosion.
 F - a +4 dagger of venom
 L - a +8 vampiric trident
Missiles
 t - 28 poisoned darts
Armour
 x - the +0 robe "Okist" (worn) {rElec rN+ Regen+}
   (You found it on level 4 of the Dungeon)

   rElec:     It insulates you from electricity.
   rN:        It protects you from negative energy.
   Regen:     It increases your rate of health regeneration.
 N - a +1 tower shield (worn)
 P - a +0 pair of gloves (worn)
Magical Staves
 f - a staff of conjuration
 m - a staff of cold
Jewellery
 c - a ring of magical power
 d - an amulet of reflection (around neck)
 D - the amulet of Elemental Vulnerability {rPois rF-- rC-- AC+8}
   (You found it on level 5 of the Dungeon)

   [amulet of nothing]

   AC:        It affects your AC (+8).
   rF:        It makes you very vulnerable to fire.
   rC:        It makes you very vulnerable to cold.
   rPois:     It protects you from poison.
 G - a ring of positive energy (left hand)
 K - a ring of fire
 M - a ring of willpower
Wands
 b - a wand of digging (6)
 E - a wand of flame (17)
 J - a wand of polymorph (1)
 O - a wand of mindburst (8)
Scrolls
 h - 2 scrolls of brand weapon
 k - a scroll of enchant armour
 n - 8 scrolls of identify
 p - a scroll of fog
 q - 2 scrolls of torment
 r - 2 scrolls of immolation
 s - a scroll of teleportation
 v - 3 scrolls of poison {unknown}
 y - 2 scrolls of enchant weapon {unknown}
 H - 4 scrolls of amnesia {unknown}
Potions
 e - a potion of brilliance {unknown}
 g - 7 potions of curing
 i - 2 potions of magic {unknown}
 j - 3 potions of heal wounds
 l - a potion of invisibility {unknown}
 o - 7 potions of resistance {unknown}
 u - 3 potions of might
 w - 2 potions of flight {unknown}
 z - 3 potions of mutation {unknown}
 A - a potion of ambrosia {unknown}
 B - 4 potions of attraction {unknown}
 I - 2 potions of haste
 Q - 2 potions of degeneration {unknown}
 R - a potion of cancellation {unknown}


   Skills:
 + Level 10.7 Fighting
 + Level 7.0 Short Blades
 - Level 4.0 Polearms
 + Level 16.7 Stealth
 + Level 10.1 Shields
 + Level 2.1 Spellcasting
 + Level 0.3 Conjurations
 + Level 0.4 Hexes
 - Level 2.0 Transmutations
 - Level 2.0 Earth Magic
 - Level 1.0 Evocations


You had 9 spell levels left.
You knew the following spells:

 Your Spells              Type           Power      Damage    Failure   Level
a - Passwall              Tmut/Erth      7%         N/A       41%         2
b - Fulminant Prism       Conj/Hex       1%         3d6       99%         4

Your spell library contained the following spells:

 Spells                   Type           Power      Damage    Failure   Level
 Wereblood                Tmut           9%         N/A       41%         2
 Magic Dart               Conj           12%        1d3       52%         1
 Searing Ray              Conj           6%         2d4       65%         2
 Confusing Touch          Hex            3%         N/A       86%         3
 Tukima's Dance           Hex            3%         N/A       86%         3
 Portal Projectile        Hex/Tloc       4%         N/A       88%         3
 Gell's Gravitas          Tloc           2%         N/A       90%         3
 Teleport Other           Tloc           2%         N/A       90%         3
 Blade Hands              Tmut           4%         N/A       100%        5
 Yara's Violent Unravell  Hex/Tmut       3%         3d4       100%        5
 Dispersal                Tloc           1%         N/A       100%        6
 Enfeeble                 Hex            1%         N/A       100%        7


Dungeon Overview and Level Annotations

Branches:
Dungeon (10/15)            Temple (1/1) D:5            Lair (3/5) D:10
  Snake (0/4) Lair:2          Orc (2/2) D:9         Ossuary (visited)
  Swamp: Lair:2-3    Shoals: Lair:2-3       Elf: Orc:2

Altars:
Ashenzari
Cheibriados
Dithmenos
Elyvilon
Fedhas
Gozag
Hepliaklqana
Makhleb
Nemelex Xobeh
Okawaru
Qazlal
Ru
Sif Muna
Trog
Vehumet
Wu Jian
Xom
Yredelemnul
Zin

Annotations:
D:4 exclusion: black bear
D:9 exclusion: downstairs
D:10 Harold
Lair:2 exclusion: oklob plant
Lair:3 exclusion: hydra
Orc:1 1 runed translucent door, exclusion: orange crystal statue


Innate Abilities, Weirdness & Mutations

Your serpentine skin is tough. (AC +4)
You have supernaturally acute eyesight. (SInv)
Armour fits poorly on your strangely shaped body.
Your system is resistant to poisons. (rPois)
You cover ground very slowly.
You can spit poison.
You have a snake-like lower body.


Message History

The wolf is heavily wounded.
Your +10 rapier of Ash {spect, rPois rF++ rC- rCorr} hits the wolf!
The wolf misses your +10 rapier of Ash {spect, rPois rF++ rC- rCorr}. x2
You catch the helpless wolf completely off-guard!
You impale the wolf!!
You kill the wolf!
The eight-headed hydra is no longer distracted by gold.
You puncture the eight-headed hydra!
The eight-headed hydra is moderately wounded.
Your +10 rapier of Ash {spect, rPois rF++ rC- rCorr} hits the eight-headed hydra!
You block the eight-headed hydra's attack.
The eight-headed hydra bites you! The eight-headed hydra bites you.
The eight-headed hydra barely misses you. x2
You block the eight-headed hydra's attack. x2
The eight-headed hydra bites you.
The eight-headed hydra bites you but does no damage.
The eight-headed hydra bites you.
The eight-headed hydra bites you but does no damage.
The eight-headed hydra bites you!
* * * LOW HITPOINT WARNING * * *
The eight-headed hydra bites you.
* * * LOW HITPOINT WARNING * * *
The eight-headed hydra bites you.
* * * LOW HITPOINT WARNING * * *
The eight-headed hydra bites you.
* * * LOW HITPOINT WARNING * * *
The eight-headed hydra bites you.
* * * LOW HITPOINT WARNING * * *
Unknown command.
Unknown command.
Okay, then.
As you read the scroll of teleportation, it crumbles to dust.
You feel strangely unstable.
The eight-headed hydra bites you but does no damage.
The eight-headed hydra bites you!
* * * LOW HITPOINT WARNING * * *
You block the eight-headed hydra's attack. x2
The eight-headed hydra bites you!
You die...
Your body crumbles into a pile of gold.

#.#..#...#.#...........<...
#.#.####..##...###..####...
#....###.## ..##.....#.....
#.........####..........##.
#..###.....#.....##........#
##.# #....##..#.##....#D#..#
#..#.#..##...# .......#... #
####.#..ยง# 8...8......
#.....@D# ..<.....#..
........$$$....8...8......
#........#...#.........#...
.............# ........#...
#.....[....#... #.##....##
#...........##.. ...##..
............ #.. ..# ...
...P##...#.. ## ## ... ..


You could see an eight-headed hydra.

Vanquished Creatures
  A catoblepas (Lair:1)
  3 death yaks
  An orc knight (Orc:1)
  A black mamba (Lair:1)
  5 komodo dragons
  2 cane toads
  A rime drake (Lair:2)
  A kobold demonologist (D:9)
  3 trolls
  3 blink frogs (Lair:2)
  Prince Ribbit (D:8)
  Sigmund (D:6)
  A vampire (D:10)
  5 wyverns
  A wraith (D:10)
  2 steam dragons
  15 yaks
  6 nagas (Lair:2)
  2 acid dragons
  5 water moccasins
  2 ice beasts (D:6)
  8 orc warriors
  12 ogres
  6 wolves (Lair:3)
  A centaur (D:8)
  6 bullfrogs
  6 kobold brigands
  5 gnoll sergeants
  A scorpion (D:4)
  15 wights
  10 killer bees
  A howler monkey (D:5)
  2 electric eels (Lair:2)
  5 human zombies
  3 jellies
  5 orc priests
  3 hounds
  12 orc wizards
  Ijyb (D:5)
  2 mummies (Ossuary)
  14 gnolls
  11 adders
  A white imp (D:8)
  2 ufetubi (D:6)
  3 adder zombies (Ossuary)
  41 orcs
  9 endoplasms
  2 giant cockroaches (D:1)
  4 goblins
  9 hobgoblins
  7 jackals
  31 kobolds
  5 quokkas
  5 ball pythons
  6 bats
  5 frilled lizards
  2 goblin zombies (Ossuary)
  8 hobgoblin zombies (Ossuary)
  2 jackal zombies (Ossuary)
  5 kobold zombies (Ossuary)
  13 orc zombies (Ossuary)
  8 rats
359 creatures vanquished.

Vanquished Creatures (others)
  An orc wizard (D:8)
  6 fungi
  24 plants
31 creatures vanquished.

Grand Total: 390 creatures vanquished

Notes
Turn   | Place    | Note
-------+----------+-------------------------------------------
     0 | D:1      | MajorAdolf the Naga Wanderer began the quest for the Orb.
     0 | D:1      | MajorAdolf set off with the following items: a +2 spear, a
                  | +0 buckler, a scroll of blinking, a +0 robe; and the
                  | following spells available to memorise: Wereblood,
                  | Passwall.
     0 | D:1      | Reached XP level 1. HP: 15/15 MP: 3/3
   100 | D:1      | Reached skill level 1 in Stealth
   198 | D:1      | Reached skill level 2 in Stealth
   397 | D:1      | Reached XP level 2. HP: 22/22 MP: 5/5
   500 | D:1      | Reached skill level 3 in Stealth
   890 | D:1      | HP: 1/22 [frozen (5)]
  1348 | D:1      | Reached skill level 4 in Stealth
  1403 | D:1      | Reached XP level 3. HP: 28/28 MP: 6/6
  1418 | D:1      | Found a faded altar of an unknown god.
  2574 | D:2      | Reached XP level 4. HP: 15/37 MP: 7/7
  2968 | D:2      | Reached skill level 5 in Stealth
  3228 | D:3      | Found a burning altar of Makhleb.
  3291 | D:3      | Reached skill level 1 in Fighting
  5971 | D:3      | Found a white marble altar of Elyvilon.
  6014 | D:4      | Identified the +0 robe "Okist" {rElec rN+ Regen+}
  7629 | D:3      | Reached XP level 5. HP: 38/44 MP: 8/8
  9036 | D:4      | Learned a level 2 spell: Passwall
 11243 | D:4      | Noticed a black bear
 11295 | D:4      | Reached skill level 6 in Stealth
 11295 | D:4      | Reached skill level 1 in Earth Magic
 11295 | D:4      | Reached XP level 6. HP: 45/52 MP: 9/9
 12435 | D:4      | Noticed an ice beast
 12557 | D:5      | Entered Level 5 of the Dungeon
 12590 | D:5      | Found a staircase to the Ecumenical Temple.
 12627 | Temple   | Entered the Ecumenical Temple
 12743 | D:5      | Found a sand-covered staircase.
 12762 | Ossuary  | Entered an ossuary
 13349 | Ossuary  | Reached XP level 7. HP: 43/61 MP: 10/10
 14176 | D:5      | Reached skill level 7 in Stealth
 14210 | D:5      | Identified the +10 rapier of Ash {spect, rPois rF++ rC-
                  | rCorr}
 14304 | D:5      | Noticed Ijyb
 14592 | D:5      | Found a shimmering blue altar of Sif Muna.
 14809 | D:5      | Found the amulet of Elemental Vulnerability {rPois rF--
                  | rC-- AC+8}
 14838 | D:5      | Found a stormy altar of Qazlal.
 14848 | D:5      | Found a blossoming altar of Fedhas.
 15144 | D:5      | Killed Ijyb
 15173 | D:6      | Reached skill level 1 in Short Blades
 15173 | D:6      | Reached skill level 8 in Stealth
 15173 | D:6      | Reached XP level 8. HP: 62/72 MP: 11/11
 15407 | D:6      | Noticed Sigmund
 15419 | D:6      | Killed Sigmund
 15420 | D:6      | Reached skill level 9 in Stealth
 15466 | D:6      | Found a shimmering altar of Xom.
 15468 | D:6      | Found a burning altar of Makhleb.
 15468 | D:6      | Found a shimmering altar of Xom.
 15470 | D:6      | Found a shimmering altar of Xom.
 15470 | D:6      | Found a stormy altar of Qazlal.
 15470 | D:6      | Found a shimmering altar of Xom.
 15521 | D:6      | Reached skill level 5 in Fighting
 15521 | D:6      | Reached skill level 5 in Shields
 15803 | D:7      | Reached XP level 9. HP: 80/81 MP: 12/12
 16089 | D:6      | Reached skill level 10 in Stealth
 16559 | D:7      | Found an opulent altar of Gozag.
 16693 | D:7      | Became a worshipper of Gozag Ym Sagoz the Greedy
 17139 | D:8      | Noticed Prince Ribbit
 17144 | D:8      | Killed Prince Ribbit
 17248 | D:8      | Reached skill level 11 in Stealth
 17344 | D:8      | Found a hazy altar of Hepliaklqana.
 17489 | D:8      | Reached skill level 5 in Short Blades
 17815 | D:8      | You fall into a shaft and drop 1 floor!
 17862 | D:9      | Found a radiant altar of Vehumet.
 17862 | D:9      | Found a basalt altar of Yredelemnul.
 17869 | D:9      | Found a faded altar of an unknown god.
 17871 | D:9      | Found a faded altar of an unknown god.
 17873 | D:9      | Found a sacrificial altar of Ru.
 17997 | D:9      | Reached XP level 10. HP: 55/92 MP: 13/13
 18066 | D:9      | Noticed a kobold demonologist
 18460 | D:9      | Reached skill level 12 in Stealth
 18520 | D:9      | Found a staircase to the Orcish Mines.
 19718 | D:9      | Killed a kobold demonologist
 20220 | D:9      | Reached skill level 13 in Stealth
 21459 | Orc:1    | Entered Level 1 of the Orcish Mines
 21660 | Orc:2    | Entered Level 2 of the Orcish Mines
 21706 | Orc:2    | Reached XP level 11. HP: 104/104 MP: 14/14
 21878 | Orc:2    | Noticed an ogre mage
 21880 | Orc:2    | Reached skill level 14 in Stealth
 21884 | Orc:2    | Paralysed by an ogre mage for 3 turns
 21886 | Orc:2    | Noticed a deep troll
 23002 | Orc:1    | Found a runed translucent door.
 23004 | Orc:1    | Noticed a balrug
 23136 | Orc:1    | Noticed an orc knight
 23154 | Orc:1    | Killed an orc knight
 23460 | Orc:1    | Noticed an orange crystal statue
 23476 | Orc:1    | Noticed an orc knight
 23483 | Orc:1    | Noticed an orc sorcerer
 23701 | D:10     | Entered Level 10 of the Dungeon
 23776 | D:10     | Noticed a death yak
 23800 | D:10     | Killed a death yak
 23945 | D:10     | Noticed a death yak
 23949 | D:10     | Noticed a death yak
 23956 | D:10     | Noticed a death yak
 23979 | D:10     | Killed a death yak
 23980 | D:10     | Reached skill level 15 in Stealth
 24112 | D:10     | Noticed a death yak
 24113 | D:10     | Noticed a death yak
 24113 | D:10     | Noticed a death yak
 24114 | D:10     | Noticed a death yak
 24201 | D:10     | Noticed Harold
 24484 | D:9      | Killed a death yak
 25085 | D:10     | Found a staircase to the Lair.
 25201 | Lair:1   | Entered Level 1 of the Lair of Beasts
 25609 | Lair:1   | Noticed a catoblepas
 25617 | Lair:1   | Killed a catoblepas
 25912 | Lair:1   | Reached skill level 10 in Fighting
 25943 | Lair:1   | Reached XP level 12. HP: 112/116 MP: 15/15
 25995 | Lair:1   | Reached skill level 16 in Stealth
 26469 | Lair:2   | Found a staircase to the Snake Pit.
 27057 | Lair:2   | Reached skill level 10 in Shields
 27480 | Lair:3   | Noticed an eight-headed hydra
 27528 | Lair:3   | Learned a level 4 spell: Fulminant Prism
 27587 | Lair:3   | Slain by an eight-headed hydra

Illustrated notes

Levels and vault maps discovered:
D:1:      giann_wishing_wells, layout_loops_cross,
          hellmonk_ecumenical_altar_leap_of_faith
D:2:      layout_loops_ring
D:3:      layout_rooms, bloody_makhleb, nicolae_elyvilon_temple_path
D:4:      layout_basic, tso_oasis_becter
D:5:      layout_basic, grunt_temple_overflow_forces_of_nature,
          mainiacjoe_overflow_chevrons, minmay_temple_entry_trees,
          enter_ossuary_3, uniq_ijyb
D:6:      layout_cave_pools, doesnt_xom_only_xom, uniq_sigmund
D:7:      layout_cave_pools, mainiacjoe_overflow_alcove_2, grunt_decor_clamped
D:8:      layout_basic, mainiacjoe_overflow_paths, lemuel_tele_altar,
          uniq_prince_ribbit1
D:9:      layout_loops_ring, chequers_temple_overflow_minitemple,
          kennysheep_orc_monster_closet_entryway
D:10:     layout_long_grid, lemuel_zombie_altar_kikubaaqudgha,
          dpeg_lair_monsters, nicolae_trove_entry_path_of_doom, serial_shops,
          kennysheep_mini_moat, hangedman_ranch, uniq_harold
Temple:   nicolae_temple_colour_theory
Lair:1:   layout_roguey
Lair:2:   layout_cave_pods, minmay_snake_entry_guardpost_medium,
          serial_bayou_ford_a, minmay_lair_oklob_items,
          chequers_serial_rivers_room_b
Lair:3:   layout_regular_city, shoals_dummy_entry, nzn_random_ring,
          lemuel_fruit_tree, serial_bayou_shore_b, grunt_megastairs_2
Orc:1:    dreamdust_dug_too_deep, layout_caves,
          chequers_guarded_unrand_ignorance
Orc:2:    st_orc_open, layout_caves, uniq_saint_roka

Skill      XL: |  1  2  3  4  5  6  7  8  9 10 11 12 |
---------------+-------------------------------------+-----
Stealth        | 2 4 5 6 8 9 11 13 15 16 | 16.7
Shields        | 2 3 4 5 6 8 9 10 | 10.1
Fighting       | 1 2 3 5 6 8 10 | 10.7
Earth Magic    | 1 2 |  2.0
Polearms       | 4 |  4.0
Short Blades   | 1 3 5 7 |  7.0
Spellcasting   | |  2.1
Conjurations   | |  0.3
Hexes          | |  0.4
Transmutations | |  2.0
Evocations     | |  1.0

Action                   |  1- 3 |  4- 6 |  7- 9 | 10-12 || total
-------------------------+-------+-------+-------+-------++-------
Melee: Spear             |    75 |   267 |    90 |       ||   432
       Staff             |       |    11 |       |       ||    11
       Rapier            |       |       |   162 |   392 ||   554
       Unarmed           |       |       |       |     3 ||     3
 Abil: Spit Poison       |    33 |    46 |     8 |     2 ||    89
  Use: Scroll            |       |    12 |       |     8 ||    20
       Potion            |       |       |       |     1 ||     1
 Stab: Sleeping          |     4 |     3 |    11 |    18 ||    36
       Distracted        |       |       |     3 |     7 ||    10
Armor: Robe              |    14 |    39 |    35 |    27 ||   115
Dodge: Dodged            |    18 |    56 |    68 |    49 ||   191
Block: Buckler           |    16 |   107 |   100 |       ||   223
       Reflection        |       |       |     5 |    10 ||    15
       Tower shield      |       |       |       |   355 ||   355
